 Dungeon Crawl Stone Soup version 0.31-a0-1005-gfbdfbacc72 (webtiles) character file.

Game seed: 17230464405981416766

754 Chiseanne the Trooper (level 7, -9/54 HPs)
             Began as an Octopode Wanderer on Nov 11, 2023.
             Mangled by Pikel
             ... wielding a +0 whip of electrocution
              (10 damage)
             ... on level 4 of the Dungeon.
             The game lasted 00:08:48 (3606 turns).

Chiseanne the Trooper (Octopode Wanderer)           Turns: 3606, Time: 00:08:49

Health: -9/54      AC:  3    Str: 13    XL:     7   Next: 79%
Magic:  8/8        EV: 14    Int: 11    God:
Gold:   204        SH:  0    Dex: 15    Spells: 8/8 levels left

rFire   . . .        a - +2 short sword (speed)
rCold   . . .        (no shield)
rNeg    + . .        c - +2 hat
rPois   +            (no amulet)
rElec   .            j - ring of poison resistance
rCorr   .            m - ring of positive energy
SInv    .            (no ring)
Will    .....        (no ring)
Stlth   ++++         (no ring)
HPRegen 0.29/turn    (no ring)
MPRegen 0.11/turn    (no ring)
                     (no ring)

%: no passive effects
@: no status effects
A: almost no armour, amphibious, 8 rings, camouflage 1, gelatinous body 1,
(nimble swimmer 1), tentacles
a: no special abilities


You were on level 4 of the Dungeon.
You visited 1 branch of the dungeon, and saw 5 of its levels.

You collected 204 gold pieces.

Inventory:

Hand Weapons
 a - a +2 short sword of speed (weapon)
 l - a +2 spear
 w - the +5 sling of Tyrph {elec, Int+3}
   (You found it on level 3 of the Dungeon)

   Int+3:     It affects your intelligence (+3).
Missiles
 f - 61 stones (quivered)
 s - 2 boomerangs
 t - 6 poisoned darts
Armour
 c - a +2 hat (worn)
Jewellery
 j - a ring of poison resistance (left tentacle)
 m - a ring of positive energy (right tentacle)
Wands
 v - a wand of flame (14)
Scrolls
 b - a scroll of vulnerability
 p - a scroll of revelation
Potions
 d - a potion of brilliance
 e - a potion of enlightenment
 g - 2 potions of resistance
 h - a potion of invisibility {unknown}
 k - a potion of lignification {unknown}
 n - 2 potions of might {unknown}
 o - a potion of curing
 q - a potion of degeneration {unknown}
 r - 2 potions of heal wounds


   Skills:
 * Level 7.2 Fighting
 - Level 4.0 Polearms
 * Level 4.0 Dodging
 * Level 3.7 Stealth
 - Level 1.0 Spellcasting
 - Level 2.0 Invocations


You had 8 spell levels left.
You didn't know any spells.
Your spell library contained the following spells:

 Spells                   Type           Power      Damage    Failure   Level
 Magic Dart               Conj           0%         1d3       32%         1
 Blink                    Tloc           0%         N/A       43%         2
 Call Imp                 Summ           0%         N/A       43%         2
 Cigotuvi's Dreadful Rot  Necr/Pois/Air  0%         N/A       43%         2
 Ensorcelled Hibernation  Hex/Ice        0%         N/A       43%         2
 Jinxbite                 Hex            0%         N/A       43%         2
 Lesser Beckoning         Tloc           0%         N/A       43%         2
 Gell's Gravitas          Tloc           0%         N/A       67%         3
 Ignite Poison            Fire/Tmut/Pois 0%         N/A       67%         3
 Mephitic Cloud           Conj/Pois/Air  0%         N/A       67%         3
 Teleport Other           Tloc           0%         N/A       67%         3
 Anguish                  Hex/Necr       0%         N/A       97%         4
 Manifold Assault         Tloc           0%         N/A       97%         4
 Freezing Cloud           Conj/Ice/Air   0%         6-21      100%        5


Dungeon Overview and Level Annotations

Branches:
Dungeon (5/15)
 Temple: D:4-7

Altars:
Qazlal
Sif Muna
Wu Jian

Shops:
D:3 ?

Annotations:
D:2 Terence
D:4 Eustachio, Grinder, Pikel


Innate Abilities, Weirdness & Mutations

You cannot wear most types of armour.
You are amphibious.
You can wear up to eight rings at the same time.
Your skin changes colour to match your surroundings (Stealth+).
Your rubbery body absorbs attacks. (AC +1, EV +1)
((You are camouflaged when in or above water. (Stealth+)))
You have tentacles for arms and can constrict up to eight enemies at once.


Message History

The ball python misses you. The ball python completely misses you.
You hit Grinder but do no damage. You grab Grinder. You constrict Grinder.
Grinder closely misses you.
You hit Grinder but do no damage. You squeeze Grinder, but do no damage.
You constrict Grinder. The ball python barely misses you. x2
You hit Grinder.
Grinder is lightly wounded.
You constrict Grinder. Grinder hits you but does no damage.
The ball python barely misses you. The ball python grabs you.
The ball python constricts you.
You hit the ball python.
You kill the ball python!
You constrict Grinder. Grinder misses you.
You hit Grinder but do no damage.
Grinder is lightly wounded.
You constrict Grinder. You hit Grinder. You squeeze Grinder!
Grinder is heavily wounded.
Your surroundings suddenly seem different.
You lose your grip on something.
Pikel and 2 lemures come into view.
Pikel is wielding a +0 whip of electrocution.
The lemure shouts! x2; You hear a shout!
Found a book of Minor Magic.
You see here a book of Minor Magic.
You pick up a book of Minor Magic and begin reading...
You add the spells Magic Dart, Call Imp and Mephitic Cloud to your library.
You open the door.
Found three items.
Found a shimmering blue altar of Sif Muna.
There is an open door here.
Pikel hits you with a +0 whip of electrocution!
* * * LOW HITPOINT WARNING * * *
You are electrocuted!
* * * LOW HITPOINT WARNING * * *
There is an open door here.
You barely miss Pikel. Your grab misses Pikel.
Pikel hits you with a +0 whip of electrocution!
You die...
Pikel says, "See you in Hell!"

#### #############
.#.######..#.#.##...###
............5.5K@...#:#
.#.#######...####._.#:#
.#.# #...# #...#:# ....
.##...# #...### .....
#.##...# #####
.......@......
.#.####.##...##
...)...........
...............


You could see Pikel and 2 lemures.

Vanquished Creatures
  A sky beast (D:5)
  2 ogres
  A lemure (D:4)
  A phantom (D:5)
  2 scorpions (D:5)
  A hound (D:5)
  2 sleepcaps (D:5)
  2 iguanas (D:5)
  An orc wizard (D:5)
  3 gnolls
  4 adders
  A white imp (D:5)
  A worm (D:2)
  A dart slug (D:3)
  6 orcs
  3 ball pythons
  7 endoplasms
  A giant cockroach (D:3)
  3 goblins
  2 hobgoblins (D:2)
  9 jackals
  2 quokkas
  3 bats
  3 frilled lizards
  6 kobolds
  5 rats
73 creatures vanquished.

Notes
Turn   | Place    | Note
-------+----------+-------------------------------------------
     0 | D:1      | Chiseanne the Octopode Wanderer began the quest for the
                  | Orb.
     0 | D:1      | Chiseanne set off with the following items: a +2 spear, a
                  | scroll of vulnerability, a +0 hat, a potion of brilliance.
     0 | D:1      | Reached XP level 1. HP: 11/11 MP: 2/2
    18 | D:1      | Reached skill level 1 in Fighting
   122 | D:1      | Reached XP level 2. HP: 18/18 MP: 3/3
   189 | D:1      | Reached skill level 2 in Fighting
   580 | D:2      | Noticed Terence
   706 | D:2      | Reached XP level 3. HP: 23/25 MP: 4/4
   711 | D:2      | Reached skill level 3 in Fighting
  1186 | D:3      | Found Cuacuimn's Magic Scroll Boutique.
  1200 | D:3      | Reached XP level 4. HP: 29/31 MP: 5/5
  1327 | D:3      | Noticed an ogre
  1423 | D:3      | Identified the +5 sling of Tyrph {elec, Int+3}
  1453 | D:3      | Found an ornate altar of the Wu Jian Council.
  1860 | D:3      | Killed an ogre
  1861 | D:3      | Reached skill level 4 in Fighting
  1861 | D:3      | Reached XP level 5. HP: 38/38 MP: 6/6
  1902 | D:4      | Identified the "Xitalat"
  1902 | D:4      | Identified the "Zaothuusorch"
  1902 | D:4      | Identified the "Wuychal"
  1954 | D:4      | Reached skill level 5 in Fighting
  1965 | D:4      | Noticed Grinder
  1974 | D:5      | Entered Level 5 of the Dungeon
  1996 | D:5      | Noticed an ogre
  2119 | D:5      | Found a stormy altar of Qazlal.
  2223 | D:5      | Reached XP level 6. HP: 46/46 MP: 7/7
  2235 | D:5      | Reached skill level 6 in Fighting
  2558 | D:5      | Noticed a sky beast
  2572 | D:5      | Reached skill level 1 in Stealth
  2572 | D:5      | Reached XP level 7. HP: 13/53 MP: 8/8
  3095 | D:5      | Reached skill level 7 in Fighting
  3511 | D:4      | Noticed Eustachio
  3585 | D:4      | Noticed Pikel
  3602 | D:4      | Found a shimmering blue altar of Sif Muna.
  3605 | D:4      | HP: 1/54 [Pikel/+0 whip of electrocution (15)]
  3606 | D:4      | Mangled by Pikel

Illustrated notes

Levels and vault maps discovered:
D:1:      spicycebolla_arrival_ecumenical, layout_basic, serial_bayou_lagoon_b
D:2:      layout_rooms, uniq_terence
D:3:      layout_loops_ring, nzn_wu_jian_contemplation, serial_shops, shop,
          minmay_ruptured
D:4:      layout_basic, general_overflow_altar, nicolae_sif_muna_little_library,
          uniq_eustachio, uniq_pikel, uniq_grinder, uniq_crazy_yiuf_cottage
D:5:      layout_basic, kennysheep_little_box, corexii_item_surrounded_by_moat

Skill      XL: |  1  2  3  4  5  6  7 |
---------------+----------------------+-----
Fighting       | 1 2 3 4 5 6 7 |  7.2
Stealth        | 1 3 |  3.7
Dodging        | 4 |  4.0
Polearms       | |  4.0
Spellcasting   | |  1.0
Invocations    | |  2.0

Action                     |  1- 3 |  4- 6 |  7- 9 || total
---------------------------+-------+-------+-------++-------
  Melee: Spear             |    43 |       |       ||    43
         Tentacles         |    14 |    30 |    21 ||    65
         Constrict         |    14 |    18 |     9 ||    41
         Short sword       |    19 |   100 |    67 ||   186
         Punch             |       |     2 |       ||     2
  Throw: Stone             |     2 |       |       ||     2
    Use: Scroll            |     4 |     4 |     4 ||    12
         Potion            |       |       |     1 ||     1
   Stab: Sleeping          |     6 |     4 |     2 ||    12
 Armour: Skin              |    16 |    31 |    29 ||    76
  Dodge: Dodged            |    32 |    33 |    55 ||   120

Table legend: (Time is in decaauts)
 A = Elapsed time spent in this place.
 B = Non-inter-level travel time spent in this place.
 C = Inter-level travel time spent in this place.
 D = Time resting spent in this place.
 E = Time spent auto-exploring this place.
 F = Levels seen in this place.
 G = Mean time per level.
                   A        B        C        D        E       F      G
               +--------+--------+--------+--------+--------+-----+--------+
         Total |   3537 |   3443 |     94 |    555 |   1999 |   5 |  707.4 |
       Dungeon |   3537 |   3443 |     94 |    555 |   1999 |   5 |  707.4 |
               +--------+--------+--------+--------+--------+-----+--------+

Top non-repeatable levels by time:
     D:5: 1492 daAuts
     D:3: 714 daAuts
     D:1: 601 daAuts
     D:2: 565 daAuts
     D:4: 163 daAuts
